 Dungeon Crawl Stone Soup version 0.15-a0-1230-gf41e293 (webtiles) character file.

14004 Ijitis the Thaumaturge (level 11, -4/63 HPs)
             Began as a Deep Elf Conjurer on June 3, 2014.
             Slain by a spectral orc knight
             ... wielding a +0,+0 long sword
             ... summoned by Nergalle
              (9 damage)
             ... on Level 14 of the Dungeon.
             The game lasted 01:28:55 (17413 turns).

Ijitis the Thaumaturge (Deep Elf Conjurer)         Turns: 17413, Time: 01:28:55

HP  -4/63        AC  5     Str  8      XL: 11   Next: 83%
MP   1/42        EV 17     Int 21      God:
Gold 502         SH  0     Dex 15      Spells:  5 memorised, 18 levels left

rFire  . . .     SeeInvis .     g - +2,+1 dagger (venom)
rCold  . . .     Clarity  .     w - +2 robe {rN+}
rNeg   + . .     rCorr    .     (no shield)
rPois  .         rRot     .     (no helmet)
rElec  .         Spirit   .     (no cloak)
SustAb .         Warding  .     k - +0 pair of gloves
rMut   .         Stasis   .     (no boots)
Gourm  +                        O - amulet of the gourmand
MR     ++...                    L - ring of magical power
                                i - ring of protection from magic

@: very resistant to hostile enchantments, stealthy
A: no striking features
a: no special abilities


You were on level 14 of the Dungeon.
You were very full.

You visited 2 branches of the dungeon, and saw 13 of its levels.
You also visited: Ossuary.

You collected 535 gold pieces.
You spent 33 gold pieces at shops.

Inventory:

Hand weapons
 g - a +2,+1 dagger of venom (weapon)
 y - a cursed +0 blowgun
Missiles
 n - 33 poisoned needles
Armour
 k - a +0 pair of gloves (worn)
 w - a +2 robe of positive energy (worn)
 K - a +1 robe of cold resistance
Magical devices
 h - a wand of confusion (13)
 q - a wand of invisibility (4)
 r - a wand of lightning (4)
 N - a wand of lightning (4)
 P - a wand of disintegration (3)
 Q - a wand of paralysis (11)
Comestibles
 a - 3 meat rations
 b - 6 bread rations
 m - 22 fruits
 x - 4 royal jellies
Scrolls
 d - a scroll of identify
 f - 8 scrolls of enchant weapon II
 j - 2 scrolls of fear
 o - a scroll of teleportation
 s - 2 scrolls of amnesia
 u - 3 scrolls of blinking
 v - a scroll of remove curse
 D - a scroll of immolation {unknown}
 J - 2 scrolls of enchant armour {unknown}
 R - a scroll of summoning {unknown}
 V - a scroll of enchant weapon I
Jewellery
 i - a ring of protection from magic (left hand)
 p - a +2 ring of intelligence
 B - a cursed ring of teleportation
 L - a ring of magical power (right hand)
 O - an amulet of the gourmand (around neck)
 S - an uncursed ring of protection from fire
Potions
 e - 4 potions of curing
 l - 3 potions of brilliance
 t - a potion of resistance
 A - a potion of magic
 C - 2 potions of might
 E - a potion of haste
 F - a potion of paralysis {unknown}
 G - 4 potions of agility
 H - a potion of cure mutation {unknown}
 I - a potion of flight {unknown}
 M - a potion of invisibility {unknown}
 T - a potion of lignification {unknown}
 U - a potion of mutation {unknown}
 Y - a potion of berserk rage {unknown}
Books
 c - a book of Conjurations

   Spells                             Type                      Level
   *Magic Dart                        Conjuration                  1
   *Searing Ray                       Conjuration                  2
   *Dazzling Spray                    Conjuration/Hexes            3
   Fulminant Prism                    Conjuration/Hexes            4
   *Iskenderun's Mystic Blast         Conjuration                  4
   *Iskenderun's Battlesphere         Conjuration/Charms           5
 z - a book of Spatial Translocations

   Spells                             Type                      Level
   Apportation                        Translocation                1
   Blink                              Translocation                2
   Shroud of Golubria                 Charms/Translocation         2
   Portal Projectile                  Translocation                3
   Teleport Other                     Translocation                3
   Passage of Golubria                Translocation                4


   Skills:
 + Level 5.0 Fighting
 + Level 7.9 Dodging
 + Level 9.0 Stealth
 * Level 11.8 Spellcasting
 + Level 8.5 Conjurations
 + Level 7.9 Hexes
 + Level 11.2 Charms
 + Level 6.0 Evocations


You had 18 spell levels left.
You knew the following spells:

 Your Spells              Type           Power        Failure   Level  Hunger
a - Magic Dart            Conj           ####         1%          1    None
b - Searing Ray           Conj           #####.       1%          2    None
c - Dazzling Spray        Conj/Hex       #####...     1%          3    None
d - Iskenderun's Mystic   Conj           #####...     1%          4    #......
e - Iskenderun's Battles  Conj/Chrm      ######..     2%          5    ###....


Dungeon Overview and Level Annotations

Branches:
Dungeon (14/15)            Temple (1/1) D:5            Lair (0/8) D:8
    Orc: D:9-12      Vaults: D:13-14

Altars:
Ashenzari
Cheibriados
Dithmenos
Elyvilon
Fedhas
Gozag
Kikubaaqudgha
Makhleb
Nemelex Xobeh
Okawaru
Qazlal
Sif Muna
Trog
Vehumet
Xom
Yredelemnul
Zin
The Shining One

Shops:
D:11 !

Annotations:
D:14 Maud, Nergalle


Message History

The spectral orc warlord hits you with a great sword.
* * * LOW HITPOINT WARNING * * *
Evoke which item? (* to show all) (? for menu, Esc to quit)
Zapping:
P - a wand of disintegration {zapped: 3}
Press: ? - help, Shift-Dir - straight line, f/p - Nergalle
Aim: Nergalle, wielding a dagger and wearing a robe (heavily wounded, poisoned) Nergalle resists.
Nergalle barely misses you.
The spectral orc knight hits you with a long sword!
* * * LOW HITPOINT WARNING * * *
The spectral orc warlord barely misses you.
Evoke which item? (* to show all) (? for menu, Esc to quit)
Zapping:
P - a wand of disintegration {zapped: 4}
Press: ? - help, Shift-Dir - straight line, f/p - Nergalle
Aim: Nergalle, wielding a dagger and wearing a robe (heavily wounded, poisoned) Nergalle resists.
Nergalle points at you and mumbles some strange words.
Orcish apparitions take form around you.
The spectral orc warlord closely misses you.
The spectral orc knight hits you with a long sword!
You die...

......##..........#
... #..........# .
#######'#### ##..#
#..## #.##
##.########
#ZZ)..*....
#@oZ?......
#.Z.......
#ZZ.......
#.........
......... #.......
#######


You could see Nergalle, a spectral orc, a spectral orc knight, 2 spectral orc
warlords and 2 spectral orc warriors.

Vanquished Creatures
  Josephine (D:9)
  2 hydras (D:11)
  The ghost of Borgoz the Charlatan, an experienced DDWn (D:7)
  2 hill giants
  2 unseen horrors
  Erolcha (D:8)
  An orange crystal statue (D:10)
  The ghost of Crauler the Insei, an average DrTm (D:4)
  A two-headed ogre (D:7)
  A hydra skeleton (D:10)
  4 wandering mushrooms (D:8)
  A wyvern (D:9)
  2 deep elf magi
  2 sharks (D:9)
  2 hill giant zombies
  Eustachio (D:10)
  2 hippogriffs
  3 water moccasins
  3 orc warriors
  A black bear (D:3)
  An ice beast (D:6)
  A yellow wasp (D:8)
  2 phantoms
  4 sky beasts
  2 necrophages
  3 ogres
  Sigmund (D:5)
  Duvessa (D:4)
  3 centaurs
  3 big kobolds
  5 giant frogs
  A gnoll sergeant (D:8)
  A cyclops skeleton (D:11)
  4 killer bees (D:9)
  5 scorpions
  A water moccasin skeleton (D:8)
  4 wights (D:10)
  A jelly (D:9)
  2 oklob saplings (D:8)
  Dowan (D:4)
  An electric eel (D:9)
  2 quasits
  A soldier ant zombie (D:10)
  2 crimson imps
  3 giant frog skeletons
  2 goliath beetles (D:11)
  6 iguanas
  3 orc priests
  2 centaur zombies (D:10)
  8 hounds
  A centaur skeleton (D:9)
  A black bear skeleton (D:10)
  8 orc wizards
  3 big fish (D:9)
  5 worker ants
  Ijyb (D:3)
  A hound zombie (D:7)
  2 ogre skeletons
  12 mummies (Ossuary)
  13 adders
  10 gnolls
  2 shadow imps
  4 giant mites
  A goliath beetle zombie (D:11)
  7 worms
  An iguana skeleton (D:7)
  5 giant geckos
  35 orcs
  13 bats
  6 giant cockroaches
  15 hobgoblins
  41 kobolds
  5 quokkas
  3 ball pythons
  7 giant newts
  A giant spore (D:8)
  A gnoll skeleton (Ossuary)
  13 goblins
  A goblin skeleton (Ossuary)
  2 goblin zombies (D:7)
  11 jackals
  2 kobold skeletons (Ossuary)
  2 kobold zombies
  5 orc skeletons
  10 rats
  11 rat skeletons (Ossuary)
  A spectral orc (D:14)
  18 ballistomycetes (D:9)
390 creatures vanquished.

Vanquished Creatures (others)
  A giant spore (D:9)
  2 kobold skeletons (Ossuary)
3 creatures vanquished.

Grand Total: 393 creatures vanquished

Notes
Turn   | Place    | Note
--------------------------------------------------------------
     0 | D:1      | Ijitis, the Deep Elf Conjurer, began the quest for the Orb.
     0 | D:1      | Reached XP level 1. HP: 10/10 MP: 5/5
   496 | D:1      | Reached XP level 2. HP: 15/15 MP: 4/8
  1340 | D:2      | Reached XP level 3. HP: 19/19 MP: 9/11
  1590 | D:2      | Reached skill level 1 in Fighting
  1807 | D:1      | Learned a level 2 spell: Searing Ray
  1811 | D:1      | Learned a level 3 spell: Dazzling Spray
  1849 | D:2      | Reached XP level 4. HP: 12/25 MP: 7/15
  2344 | D:3      | Noticed Ijyb
  2350 | D:3      | Killed Ijyb
  2891 | D:3      | Learned a level 4 spell: Iskenderun's Mystic Blast
  3064 | D:3      | Reached skill level 5 in Conjurations
  3064 | D:3      | Reached XP level 5. HP: 13/29 MP: 9/18
  3419 | D:3      | Noticed a black bear
  3424 | D:3      | Killed a black bear
  3424 | D:3      | Reached skill level 1 in Hexes
  3831 | D:4      | Reached skill level 5 in Spellcasting
  3831 | D:4      | Reached XP level 6. HP: 25/34 MP: 12/21
  3917 | D:4      | Noticed Crauler's ghost (average DrTm)
  3934 | D:4      | Learned a level 5 spell: Iskenderun's Battlesphere
  3969 | D:4      | Killed Crauler's ghost
  4394 | D:4      | Reached XP level 7. HP: 38/40 MP: 16/23
  5133 | D:4      | Noticed Dowan
  5200 | D:4      | Noticed Duvessa
  5470 | D:4      | Reached skill level 6 in Spellcasting
  5732 | D:4      | Killed Duvessa
  5732 | D:4      | Reached skill level 5 in Stealth
  6293 | D:4      | Killed Dowan
  6442 | D:5      | Entered Level 5 of the Dungeon
  6580 | D:5      | Noticed Sigmund
  6584 | D:5      | Killed Sigmund
  6624 | D:5      | Found a shadowy altar of Dithmenos.
  6721 | D:5      | Found a white marble altar of Elyvilon.
  7062 | D:5      | Found a shadowy altar of Dithmenos.
  7065 | D:5      | Found an opulent altar of Gozag.
  7068 | D:5      | Found a glowing silver altar of Zin.
  7110 | D:5      | Found a staircase to the Ecumenical Temple.
  7127 | Temple   | Entered the Ecumenical Temple
  7236 | D:6      | Reached XP level 8. HP: 45/45 MP: 18/25
  7673 | D:6      | Reached skill level 7 in Spellcasting
  7673 | D:6      | Reached skill level 1 in Evocations
  7906 | D:6      | Reached skill level 5 in Charms
  7916 | D:6      | Reached skill level 5 in Dodging
  8551 | D:7      | Noticed Borgoz's ghost (experienced DDWn)
  8626 | D:7      | Noticed a two-headed ogre
  8799 | D:7      | Found a sand-covered staircase.
  8806 | Ossuary  | Entered an ossuary
  9783 | Ossuary  | Reached XP level 9. HP: 50/50 MP: 20/28
 10180 | D:7      | Killed a two-headed ogre
 10347 | D:7      | Reached skill level 8 in Spellcasting
 10569 | D:7      | Killed Borgoz's ghost
 10569 | D:7      | Reached skill level 5 in Hexes
 10723 | D:7      | Found a glowing golden altar of the Shining One.
 10891 | D:8      | Noticed Erolcha
 10900 | D:8      | Killed Erolcha
 10900 | D:8      | Reached skill level 9 in Spellcasting
 11300 | D:8      | Found a staircase to the Lair.
 11328 | D:8      | Reached XP level 10. HP: 47/56 MP: 30/30
 11954 | D:8      | Found a blossoming altar of Fedhas.
 12663 | D:9      | Reached skill level 10 in Spellcasting
 14087 | D:10     | Entered Level 10 of the Dungeon
 14311 | D:10     | Reached XP level 11. HP: 62/62 MP: 32/32
 14457 | D:10     | Noticed a hill giant
 14468 | D:10     | Killed a hill giant
 14468 | D:10     | Reached skill level 10 in Charms
 14468 | D:10     | Reached skill level 5 in Evocations
 14751 | D:10     | Killed an unseen horror
 14951 | D:10     | Noticed Eustachio
 14957 | D:10     | Killed Eustachio
 15113 | D:10     | Noticed Josephine
 15129 | D:9      | Killed Josephine
 15129 | D:9      | Reached skill level 11 in Spellcasting
 16263 | D:11     | Found Ypsemupe's Distillery.
 16542 | D:11     | Bought a potion of heal wounds for 33 gold pieces
 16552 | D:11     | Noticed a hill giant
 16557 | D:11     | Killed a hill giant
 16652 | D:11     | Noticed a five-headed hydra
 16657 | D:11     | Killed a five-headed hydra
 16800 | D:11     | Noticed a five-headed hydra
 16804 | D:11     | Killed a five-headed hydra
 16804 | D:11     | Reached skill level 5 in Fighting
 17190 | D:11     | Killed an unseen horror
 17371 | D:11     | You fall through a shaft for 3 floors!
 17371 | D:14     | Noticed Maud
 17393 | D:14     | Noticed Nergalle
 17395 | D:14     | Noticed a spectral orc warlord
 17409 | D:14     | Noticed a spectral orc warlord
 17413 | D:14     | Slain by a spectral orc knight

Action                   |  1- 3 |  4- 6 |  7- 9 | 10-12 || total
-------------------------+-------+-------+-------+-------++-------
Melee: Dagger            |     2 |       |     8 |   227 ||   237
       Unarmed           |     1 |       |       |       ||     1
 Cast: Magic Dart        |    82 |    85 |   309 |   260 ||   736
       Searing Ray       |     2 |    10 |    44 |    18 ||    74
       Iskenderun's Myst |       |     1 |    28 |    93 ||   122
       Dazzling Spray    |       |     1 |    16 |     6 ||    23
       Iskenderun's Batt |       |       |     3 |    47 ||    50
Evoke: Wand              |       |       |     4 |     9 ||    13
  Use: Potion            |     1 |       |     2 |     2 ||     5
       Scroll            |       |     2 |    17 |     4 ||    23
